 Dungeon Crawl Stone Soup version 0.24-a0-420-g24607be9ce (webtiles) character file.

Game seed: 11289318419748769219

169 wazuzu the Ogre Mage (level 5, -1/67 HPs)
             Began as an Ogre Wizard on June 11, 2019.
             Slain by Crazy Yiuf
             ... wielding a +2 quarterstaff of chaos
              (5 damage)
             ... on level 1 of the Dungeon.
             The game lasted 00:07:45 (3000 turns).

wazuzu the Ogre Mage (Ogre Wizard)                  Turns: 3000, Time: 00:07:46

Health: -1/67      AC: 29    Str: 11    XL:     5   Next: 50%
Magic:  12/12      EV:  1    Int: 20    God:
Gold:   221        SH:  0    Dex:  7    Spells: 12/13 levels left

rFire    . . .     SeeInvis .   p - +2 dagger (protect)
rCold    . . .     Gourm    .   (no shield)
rNeg     + + +     Faith    .   (armour currently unavailable)
rPois    +         Spirit   .   (helmet currently unavailable)
rElec    .         Reflect  .   (cloak currently unavailable)
rCorr    .         Harm     .   (gloves unavailable)
MR       .....     NoTele   +   (boots unavailable)
Stlth    +.........             (no amulet)
HPRegen  0.21/turn              (no ring)
MPRegen  0.13/turn              (no ring)

@: lethally poisoned (-1 -> -5), tree-form, protection aura
A: large, unfitting armour
a: no special abilities


You were on level 1 of the Dungeon.
You were very hungry.
You were a tree.
You visited 1 branch of the dungeon, and saw 3 of its levels.

You collected 221 gold pieces.

Inventory:

Hand Weapons
 p - a +2 dagger of protection (weapon)
Armour
 a - a +0 robe (melded)
 b - a +0 hat (melded)
Scrolls
 e - a scroll of noise {unknown}
 f - a scroll of fear {unknown}
 g - 2 scrolls of remove curse {unknown}
 i - 2 scrolls of blinking {unknown}
 k - 4 scrolls of identify {unknown}
 l - 2 scrolls of teleportation {unknown}
 n - a scroll of magic mapping {unknown}
Potions
 c - a potion of cancellation
Comestibles
 d - 6 rations


   Skills:
 - Level 1.7 Dodging
 - Level 1.4 Stealth
 + Level 4.8 Spellcasting
 * Level 3.9 Conjurations
   Level 0.8 Summonings
   Level 0.8 Translocations


You had 12 spell levels left.
You knew the following spells:

 Your Spells              Type           Power        Failure   Level  Hunger
z - Magic Dart            Conj           ###.         2%          1    None

Your spell library contained the following spells:

 Spells                   Type           Power        Failure   Level  Hunger
 Confusing Touch          Hex            #.....       12%         1    None
 Blink                    Tloc           N/A          13%         2    #......
 Call Imp                 Summ           #.......     13%         2    #......
 Conjure Flame            Conj/Fire      ##......     16%         3    ##.....
 Slow                     Hex            #.......     19%         2    #......
 Mephitic Cloud           Conj/Pois/Air  ##......     21%         3    ##.....
 Gell's Gravitas          Tloc           #.........   26%         3    ##.....
 Confuse                  Hex            #.......     34%         3    ##.....
 Petrify                  Tmut/Erth      #.......     75%         4    ####...
 Metabolic Englaciation   Hex/Ice        #.........   97%         5    ######.
 Yara's Violent Unravell  Hex/Tmut       #.........   97%         5    ######.


Dungeon Overview and Level Annotations

Branches:
Dungeon (3/15)

Altars:
Gozag
Makhleb

Annotations:
D:1 Crazy Yiuf


Innate Abilities, Weirdness & Mutations

You are too large for most types of armour.
((You have tough skin. (AC +1)))


Message History

Crazy Yiuf is lightly wounded! * * * don't die
* * * You feel sick!
Crazy Yiuf hits you but does no damage!
You skewer Crazy Yiuf like a kebab!
Crazy Yiuf is lightly wounded! * * * don't die
* * * You feel sick!
Crazy Yiuf hits you but does no damage!
You closely miss Crazy Yiuf!
Crazy Yiuf is lightly wounded! * * * don't die
* * * You feel sick!
Crazy Yiuf hits you but does no damage!
You barely miss Crazy Yiuf!
Crazy Yiuf is lightly wounded!
Crazy Yiuf hits you but does no damage!
You perforate Crazy Yiuf like a sieve!
Crazy Yiuf is moderately wounded! * * * don't die
* * * You feel sick!
Crazy Yiuf hits you with a +2 quarterstaff of chaos! rip

##.#.....###.#.###.....#.##.####.
##.'.....+.......................
##.#.....####.####...........(...
##.#.....####..###.(........####.
..................>)........# #.
.......#.......###.....#########.
#....#.#.........................
.....#..........g#.....###.......
.....'.#..##....♣#....).......###
.....#(#..##..#..#.#..####...##
#.....(...##.......#..# #.#.#
..........##.###.#.#..######.#
..........##.# #.#.#.........#
...###.#..##.# #...#..######.##
...'......##.# ##.............#
...##..#.###.####..#..........#
...##.........................#


You could see Crazy Yiuf.

Vanquished Creatures
  2 orc wizards (D:3)
  2 adders
  3 worms
  A dart slug (D:1)
  2 leopard geckos
  6 orcs (D:3)
  12 bats
  2 giant cockroaches
  7 goblins
  11 hobgoblins
  11 kobolds
  2 quokkas
  2 ball pythons
  5 frilled lizards
  10 rats
78 creatures vanquished.

Notes
Turn   | Place    | Note
-------+----------+-------------------------------------------
     0 | D:1      | wazuzu the Ogre Wizard began the quest for the Orb.
     0 | D:1      | Reached XP level 1. HP: 16/16 MP: 5/5
    19 | D:1      | Reached skill level 1 in Conjurations
   332 | D:1      | Reached XP level 2. HP: 24/24 MP: 0/6
   599 | D:1      | Reached skill level 4 in Spellcasting
   711 | D:1      | Reached XP level 3. HP: 31/31 MP: 6/8
  1617 | D:2      | Reached XP level 4. HP: 39/39 MP: 3/10
  1773 | D:2      | Found an opulent altar of Gozag.
  1930 | D:2      | Found a faded altar of an unknown god.
  2420 | D:3      | Reached XP level 5. HP: 38/45 MP: 1/11
  2681 | D:3      | Found a burning altar of Makhleb.
  2711 | D:3      | Found a runed translucent door.
  2712 | D:3      | Noticed Crazy Yiuf
  3000 | D:1      | Slain by Crazy Yiuf

Levels and vault maps discovered:
D:1:      roderic_dead_forest, layout_basic
D:2:      layout_rooms, chequers_ecumenical_altar_twisty,
          grunt_gozag_breadcrumbs
D:3:      layout_rooms, lemuel_doored_altar, first_ration, minmay_ruptured,
          uniq_crazy_yiuf_cottage

Skill      XL: |  1  2  3  4 |
---------------+-------------+-----
Conjurations   | 1 2 3 |  3.9
Spellcasting   | 4 |  4.8
Dodging        | |  1.7
Stealth        | |  1.4
Summonings     | |  0.8
Translocations | |  0.8

Action                   |  1- 3 |  4- 6 || total
-------------------------+-------+-------++-------
Melee: Dagger            |    13 |    55 ||    68
       Mace              |     3 |     6 ||     9
 Cast: Magic Dart        |    87 |    95 ||   182
  Use: Potion            |       |     4 ||     4
  Eat: Chunk             |     1 |     4 ||     5
Armor: Robe              |    10 |    27 ||    37
       Skin              |       |     7 ||     7
Dodge: Dodged            |    19 |    48 ||    67

Table legend:
 A = Non-vault XP
 B = Vault XP
 C = Vault XP percentage of total XP
 D = Non-vault monster count
 E = Vault monster count
 F = Vault count percentage of total count
                 A         B        C        D         E       F
            +---------+---------+-------+---------+---------+-------
      Total |     242 |       0 |   0.0 |      78 |       0 |   0.0
            +---------+---------+-------+---------+---------+-------
        D:1 |      64 |       0 |   0.0 |      31 |       0 |   0.0
        D:2 |      52 |       0 |   0.0 |      21 |       0 |   0.0
        D:3 |     126 |       0 |   0.0 |      26 |       0 |   0.0
            +---------+---------+-------+---------+---------+-------
